 Dungeon Crawl Stone Soup version 0.15-a0-1253-g15b4f57 (webtiles) character file.

953 Amnesiac the Cutter (level 8, -4/46 HPs)
             Began as a Halfling Enchanter on June 4, 2014.
             Was a Follower of Dithmenos.
             Slain by a goblin
             ... wielding a +0,+0 dagger
              (6 damage)
             ... while paralysed by a potion of paralysis
             ... on Level 5 of the Dungeon.
             The game lasted 00:19:09 (5493 turns).

Amnesiac the Cutter (Halfling Enchanter)            Turns: 5493, Time: 00:19:09

HP  -4/46        AC  2     Str  5      XL: 8   Next: 36%
MP   3/11        EV  3     Int 20      God: Dithmenos [*.....]
Gold 59          SH  0     Dex 17      Spells:  4 memorised,  1 level left

rFire  . . .     SeeInvis .     e - +1 blowgun
rCold  . . .     Clarity  .     i - +0 robe of Zyodanau {Str+2 Int+3}
rNeg   . . .     rCorr    .     (no shield)
rPois  .         rRot     .     (no helmet)
rElec  .         Spirit   .     (no cloak)
SustAb .         Warding  .     (no gloves)
rMut   .         Stasis   .     (no boots)
Gourm  .                        (no amulet)
MR     .....                    (no ring)
                                (no ring)

@: paralysed, lethally poisoned, wreathed by umbra, not resistant to hostile
enchantments, stealthy
A: deterioration 1, mutation resistance 1, weak 1
a: Renounce Religion


You were on level 5 of the Dungeon.
You worshipped Dithmenos.
Dithmenos was aware of your devotion.
You were near starving.

You visited 2 branches of the dungeon, and saw 6 of its levels.

You collected 220 gold pieces.
You spent 161 gold pieces at shops.

Inventory:

Hand weapons
 e - a +1 blowgun (weapon)
 w - a +1,+1 dagger
Missiles
 k - 10 curare-tipped needles (quivered)
 n - 7 poisoned needles
Armour
 i - the +0 robe of Zyodanau (worn) {Str+2 Int+3}
   (You found it on level 4 of the Dungeon)

   It affects your strength (+2).
   It affects your intelligence (+3).
Magical devices
 f - a wand of disintegration (5)
Comestibles
 a - 2 meat rations
 d - 2 bread rations
 g - 2 slices of pizza
Scrolls
 h - a scroll of recharging {unknown}
 j - a scroll of identify
 o - a scroll of remove curse
 p - a scroll of teleportation
Potions
 l - 2 potions of might
 m - 2 potions of brilliance
 q - a potion of curing
Books
 c - a book of Maledictions

   Spells                             Type                      Level
   *Corona                            Hexes                        1
   Sure Blade                         Hexes/Charms                 2
   *Ensorcelled Hibernation           Hexes/Ice                    2
   *Confuse                           Hexes                        3
   *Dazzling Spray                    Conjuration/Hexes            3
   Enslavement                        Hexes                        4


   Skills:
 + Level 6.4 Short Blades
 - Level 2.1 Dodging
 + Level 5.5 Stealth
 - Level 1.5 Spellcasting
 - Level 6.3 Hexes


You had one spell level left.
You knew the following spells:

 Your Spells              Type           Power        Failure   Level  Hunger
a - Corona                Hex            ####...      1%          1    #......
e - Dazzling Spray        Conj/Hex       ##......     14%         3    ####...
f - Confuse               Hex            ####....     4%          3    ####...
z - Ensorcelled Hibernat  Hex/Ice        ##....       10%         2    ###....


Dungeon Overview and Level Annotations

Branches:
Dungeon (5/15)             Temple (1/1) D:4

Altars:
Ashenzari
Cheibriados
Dithmenos
Fedhas
Kikubaaqudgha
Makhleb
Nemelex Xobeh
Qazlal
Sif Muna
Trog
Vehumet
Xom
Zin
The Shining One

Shops:
D:4 *


Innate Abilities, Weirdness & Mutations

You are small and have problems with some larger weapons.
You are somewhat resistant to further mutation.
Your body is slowly deteriorating.
You are weak. (Str -2)


Message History

You feel sick. The hobgoblin misses you. The centaur misses you.
Unknown command.
Wield which item (- for none, * to show all)? (? for menu, Esc to quit)
You are already wielding that!
Eat which item? (? for menu, Esc to quit)
Okay, then.
Unknown command.
Unknown command.
Eat which item? (? for menu, Esc to quit)
Okay, then.
Drink which item? (? for menu, Esc to quit)
You suddenly lose the ability to move!
It was a potion of paralysis.
The goblin hits you but does no damage. The hobgoblin barely misses you.
You feel sick. The goblin hits you with a dagger.
The hobgoblin hits you with a club. The goblin hits you but does no damage.
The hobgoblin hits you with a club. The centaur hits you!
* * * LOW HITPOINT WARNING * * *
The goblin hits you with a dagger.
You die...

..............# #######.
#..............#### #.......
#........$.......# #.......
##................###.......
....>........................
........)....................
.............%.............).
##........c...###...........
#.......Zg@..# #...##>..###
#.......Kg######...##....##
.........(#..(########...#
.........#...# #...#
.....?...<<.# ####
............# ..(.........#
.........$...# .............#


You could see a centaur, an ogre zombie, a hobgoblin, a goblin and a kobold.

Vanquished Creatures
  A water moccasin (D:4)
  A sky beast (D:5)
  2 ogres (D:4)
  A scorpion (D:5)
  2 crimson imps (D:5)
  The ghost of Amnesiac the Vexing, a weakling HaEn (D:3)
  2 orc priests
  A hound (D:4)
  2 orc wizards
  An iguana (D:4)
  2 worker ants (D:4)
  Terence (D:3)
  11 adders
  An orc skeleton (D:4)
  4 giant mites
  3 worms
  4 giant geckos
  5 orcs
  3 ball pythons (D:4)
  3 giant cockroaches
  8 goblins
  7 hobgoblins
  7 jackals
  3 quokkas
  6 bats
  6 giant newts
  7 kobolds
  9 rats
104 creatures vanquished.

Vanquished Creatures (others)
  An orc (D:5)
1 creature vanquished.

Grand Total: 105 creatures vanquished

Notes
Turn   | Place    | Note
--------------------------------------------------------------
     0 | D:1      | Amnesiac, the Halfling Enchanter, began the quest for the Orb.
     0 | D:1      | Reached XP level 1. HP: 11/11 MP: 2/2
   162 | D:1      | Reached XP level 2. HP: 17/17 MP: 3/3
   696 | D:1      | Reached XP level 3. HP: 21/21 MP: 5/5
   762 | D:1      | Learned a level 3 spell: Dazzling Spray
   964 | D:3      | Noticed Amnesiac's ghost (weakling HaEn)
   968 | D:4      | Noticed an ogre
   971 | D:4      | Got a brightly glowing robe
  1005 | D:4      | Noticed an ogre
  1165 | D:3      | Reached XP level 4. HP: 24/27 MP: 0/6
  1363 | D:4      | Found a staircase to the Ecumenical Temple.
  1374 | Temple   | Entered the Ecumenical Temple
  1380 | Temple   | Became a worshipper of Dithmenos the Shadowed
  1571 | Temple   | Reached skill level 4 in Hexes
  1786 | D:4      | Killed an ogre
  1786 | D:4      | Reached XP level 5. HP: 22/31 MP: 3/7
  1804 | D:4      | Killed an ogre
  1804 | D:4      | Reached skill level 5 in Hexes
  1804 | D:4      | Reached XP level 6. HP: 23/36 MP: 6/9
  2128 | D:3      | Learned a level 2 spell: Ensorcelled Hibernation
  2383 | D:2      | Reached skill level 6 in Hexes
  2422 | D:2      | Found a stormy altar of Qazlal.
  2466 | D:2      | Found a shimmering altar of Xom.
  3087 | D:4      | Reached XP level 7. HP: 31/41 MP: 0/10
  3183 | D:5      | Entered Level 5 of the Dungeon
  3184 | D:5      | HP: 2/41 [orc (4)]
  3186 | D:5      | Gained mutation: You are weak. (Str -2) [potion of mutation]
  3186 | D:5      | Gained mutation: Your body is slowly deteriorating. [potion of mutation]
  3416 | D:4      | Learned a level 3 spell: Confuse
  3426 | D:3      | Noticed Terence
  3454 | D:3      | Killed Terence
  3849 | D:3      | Found a sparkling altar of Nemelex Xobeh.
  3973 | D:3      | Killed Amnesiac's ghost
  3991 | D:2      | Found a burning altar of Makhleb.
  4138 | D:4      | HP: 1/41 [orc wizard] (3)]
  4487 | D:4      | Noticed a water moccasin
  4490 | D:4      | Found Iffa's Serpentskin Sales.
  4499 | D:4      | Killed a water moccasin
  4513 | D:4      | Bought 7 curare-tipped needles for 50 gold pieces
  4513 | D:4      | Bought 3 curare-tipped needles for 21 gold pieces
  4514 | D:4      | Bought a +1 blowgun for 90 gold pieces
  4523 | D:4      | Identified the +0 robe of Zyodanau {Str+2 Int+3} (You found it on level 4 of the Dungeon)
  4803 | D:4      | Reached skill level 5 in Short Blades
  5188 | D:5      | Reached XP level 8. HP: 46/46 MP: 2/11
  5211 | D:5      | Reached skill level 5 in Stealth
  5490 | D:5      | Paralysed by a potion of paralysis for 6 turns
  5492 | D:5      | HP: 2/46 [centaur (8)]
  5493 | D:5      | Slain by a goblin

Action                   |  1- 3 |  4- 6 |  7- 9 || total
-------------------------+-------+-------+-------++-------
Melee: Dagger            |    81 |   152 |   177 ||   410
 Fire: Blowgun           |       |     7 |     8 ||    15
 Cast: Dazzling Spray    |     2 |    14 |    22 ||    38
       Confuse           |       |       |     4 ||     4
       Ensorcelled Hiber |       |       |     6 ||     6
  Use: Potion            |     1 |     1 |     7 ||     9
       Scroll            |       |     1 |     8 ||     9
 Stab: Sleeping          |     7 |     8 |     5 ||    20
       Invisible         |       |     1 |     5 ||     6
       Confused          |       |       |     3 ||     3
